 Dungeon Crawl Stone Soup version 0.28-a0-657-g71136c5590 (webtiles) character file.

Game seed: 8269760988997228821

613 KoroneIsBestGirl the Ducker (level 7, 0/49 HPs)
             Began as an Octopode Fighter on Oct 14, 2021.
             Was a Follower of Sif Muna.
             Succumbed to a water moccasin's poison
             ... on level 4 of the Dungeon.
             The game lasted 00:06:38 (6967 turns).

KoroneIsBestGirl the Ducker (Octopode Fighter)      Turns: 6967, Time: 00:06:38

Health: 0/49       AC:  1    Str: 15    XL:     7   Next: 44%
Magic:  7/7        EV: 14    Int: 11    God:    Sif Muna [*.....]
Gold:   214        SH:  5    Dex: 13    Spells: 6/6 levels left

rFire   . . .      SeeInvis .   k - staff of earth
rCold   . . .      Faith    .   b - +0 buckler
rNeg    . . .      Spirit   .   (helmet restricted)
rPois   .          Reflect  .   (no amulet)
rElec   .          Harm     .   (no ring)
rCorr   .          Rampage  .   (no ring)
Will    .....                   (no ring)
Stlth   ++........              (no ring)
HPRegen 0.16/turn               (no ring)
MPRegen 0.10/turn               (no ring)
                                (no ring)
                                (no ring)

@: mighty, lethally poisoned (0 -> -9), hasted, very quick
A: almost no armour, amphibious, 8 rings, camouflage 1, gelatinous body 1,
(nimble swimmer 1), tentacles
a: Renounce Religion, Channel Magic


You were on level 4 of the Dungeon.
You worshipped Sif Muna.
Sif Muna was aware of your devotion.
You visited 1 branch of the dungeon, and saw 4 of its levels.

You collected 214 gold pieces.

Inventory:

Hand Weapons
 a - a +0 trident
Armour
 b - a +0 buckler (worn)
Magical Staves
 k - a staff of earth (weapon)
 n - a staff of cold
Jewellery
 l - a ring of protection from cold
 p - a +6 ring of intelligence
Wands
 m - a wand of charming (9)
 s - a wand of flame (37)
 t - a wand of iceblast (7)
 u - a wand of paralysis (6)
Scrolls
 d - 3 scrolls of magic mapping
 e - a scroll of vulnerability {unknown}
 f - a scroll of fear {unknown}
 h - 5 scrolls of teleportation {unknown}
 i - a scroll of identify {unknown}
 o - a scroll of enchant armour {unknown}
 r - a scroll of blinking {unknown}


   Skills:
 + Level 4.9 Fighting
 + Level 4.3 Polearms
 + Level 4.9 Dodging
 + Level 4.8 Shields


You had 6 spell levels left.
You didn't know any spells.
Your spell library contained the following spells:

 Spells                   Type           Power      Damage    Failure   Level
 Call Canine Familiar     Summ           0%         N/A       71%         3
 Dazzling Flash           Conj/Hex       0%         N/A       71%         3
 Portal Projectile        Hex/Tloc       0%         N/A       71%         3
 Iskenderun's Mystic Bla  Conj/Tloc      0%         2d3       98%         4
 Leda's Liquefaction      Hex/Erth       0%         N/A       98%         4
 Starburst                Conj/Fire      0%         6d3       100%        6


Dungeon Overview and Level Annotations

Branches:
Dungeon (4/15)             Temple (0/1) D:4

Altars:
Cheibriados
Dithmenos
Gozag
Hepliaklqana
Makhleb
Okawaru
Ru
Sif Muna
Uskayaw
Zin

Shops:
D:1 *


Innate Abilities, Weirdness & Mutations

You cannot wear most types of armour.
You are amphibious.
You can wear up to eight rings at the same time.
Your skin changes colour to match your surroundings (Stealth+).
Your rubbery body absorbs attacks. (AC +1, EV +1)
((You are camouflaged near water. (Stealth+)))
You have tentacles for arms and can constrict up to eight enemies at once.


Message History

You constrict the water moccasin.
* * * LOW HITPOINT WARNING * * *
You feel very sick. The water moccasin barely misses you.
It was a potion of cancellation.
You feel magically purged.
You constrict the water moccasin.
* * * LOW HITPOINT WARNING * * *
You feel very sick.
The water moccasin barely misses you. x2
You feel much better.
You constrict the water moccasin.
You feel sick. The water moccasin bites you!
You are lethally poisoned!
The water moccasin poisons you!
As you read the scroll labelled GETYCW NAWETS, it crumbles to dust.
You feel aware of your surroundings.
It was a scroll of magic mapping.
You constrict the water moccasin.
* * * LOW HITPOINT WARNING * * *
You feel very sick. The water moccasin bites you.
* * * LOW HITPOINT WARNING * * *
It was a potion of haste.
You feel yourself speed up.
You constrict the water moccasin.
* * * LOW HITPOINT WARNING * * *
You feel very sick.
The water moccasin completely misses you.
The water moccasin closely misses you.
You feel very mighty all of a sudden.
You constrict the water moccasin.
* * * LOW HITPOINT WARNING * * *
You feel very sick. The water moccasin closely misses you.
You barely miss the water moccasin.
The water moccasin is almost dead.
You constrict the water moccasin.
* * * LOW HITPOINT WARNING * * *
You feel sick. You block the water moccasin's attack.
You hit the water moccasin.
You kill the water moccasin!
Sif Muna accepts your kill.
You die...

#.#.###.....##.............#
#...........##..........##.#
#....^..#................#.#
...)....#..####.....####.#.#
....[##.#..#).##...##,,#.#.######
.....##.#..#...##.##,,,#........#
...........##...#.#,,,##..#####.#
............##h)#.#+,##...# *,*
.............###@..###....# *,*
.................8........# *,*
.............###...###...## *,*
............##,+#.#+,##..# *,*
#.#.#......##,,,#.#,,,##.# *,*
#.#.#......#,,,##)##,,,#.# *,*
#,#.###.#..#,,##...##,,#.# *,*
*,*,* #....####.....####.# *,*
*,*,**####...)...........#####*,*


You could see a hound.

Vanquished Creatures
  A water moccasin (D:4)
  2 ogres (D:4)
  An orc priest (D:4)
  2 hounds (D:4)
  Ijyb (D:3)
  3 orc wizards
  11 gnolls
  3 adders
  An adder skeleton (D:4)
  2 worms
  2 dart slugs (D:3)
  12 orcs
  3 bats (D:1)
  10 endoplasms
  6 giant cockroaches
  4 goblins
  5 hobgoblins
  8 jackals
  7 kobolds
  4 quokkas
  4 ball pythons
  5 frilled lizards
  10 rats
107 creatures vanquished.

Notes
Turn   | Place    | Note
-------+----------+-------------------------------------------
     0 | D:1      | KoroneIsBestGirl the Octopode Fighter began the quest for
                  | the Orb.
     0 | D:1      | Reached XP level 1. HP: 16/16 MP: 1/1
   130 | D:1      | Reached XP level 2. HP: 16/21 MP: 2/2
   532 | D:1      | Reached XP level 3. HP: 23/26 MP: 3/3
   662 | D:1      | Found Onwiduu's Assorted Antiques.
  1419 | D:2      | Reached XP level 4. HP: 31/31 MP: 4/4
  3052 | D:2      | Reached XP level 5. HP: 27/37 MP: 5/5
  3224 | D:2      | Found a shimmering blue altar of Sif Muna.
  3831 | D:2      | Became a worshipper of Sif Muna the Loreminder
  4766 | D:3      | Reached XP level 6. HP: 11/43 MP: 6/6
  5049 | D:3      | Found an iron altar of Okawaru.
  5050 | D:3      | Found a burning altar of Makhleb.
  5050 | D:3      | Found a snail-covered altar of Cheibriados.
  5050 | D:3      | Found a hazy altar of Hepliaklqana.
  5051 | D:3      | Found a shimmering blue altar of Sif Muna.
  5052 | D:3      | Found a hide-covered altar of Uskayaw.
  5052 | D:3      | Found a glowing silver altar of Zin.
  5053 | D:3      | Found an opulent altar of Gozag.
  5056 | D:3      | Noticed Ijyb
  5064 | D:3      | Killed Ijyb
  5401 | D:3      | Found a sacrificial altar of Ru.
  5421 | D:3      | Found a shadowy altar of Dithmenos.
  5710 | D:4      | Reached * piety under Sif Muna
  5973 | D:4      | HP: 2/44 [ogre (9)]
  6282 | D:4      | Reached XP level 7. HP: 49/49 MP: 7/7
  6571 | D:4      | Found a staircase to the Ecumenical Temple.
  6965 | D:4      | HP: 2/49 [poisoned by a water moccasin]
  6967 | D:4      | Succumbed to a water moccasin's poison

Illustrated notes

Levels and vault maps discovered:
D:1:      dpeg_arrival_lava_temple_mockup, layout_basic, serial_shops,
          nicolae_shop_behind_doors, serial_curves, eino_curves_03,
          eino_curves_02, eino_curves_02
D:2:      layout_basic, basic_altar
D:3:      layout_rooms, mainiacjoe_overflow_brackets,
          grunt_temple_overflow_open, lemuel_round_altar, uniq_ijyb
D:4:      cheibrodos_barr_body, layout_basic,
          minmay_temple_entry_statues_fountains, serial_curves, eino_curves_03,
          eino_curves_03

Skill      XL: |  1  2  3  4  5  6  7 |
---------------+----------------------+-----
Polearms       | 3 4 |  4.3
Dodging        | 4 |  4.9
Fighting       | 4 |  4.9
Shields        | 4 |  4.8

Action                   |  1- 3 |  4- 6 |  7- 9 || total
-------------------------+-------+-------+-------++-------
Melee: Trident           |    75 |   106 |       ||   181
       Tentacles         |     4 |    34 |    10 ||    48
       Constrict         |    14 |    26 |     6 ||    46
       Staff             |       |    61 |    41 ||   102
  Use: Potion            |       |     2 |     4 ||     6
       Scroll            |       |       |     1 ||     1
 Stab: Sleeping          |    10 |     5 |     1 ||    16
Armor: Skin              |     5 |     5 |       ||    10
Dodge: Dodged            |    21 |    64 |    30 ||   115
Block: Buckler           |     3 |    25 |     8 ||    36

Table legend: (Time is in decaauts)
 A = Elapsed time spent in this place.
 B = Non-inter-level travel time spent in this place.
 C = Inter-level travel time spent in this place.
 D = Time resting spent in this place.
 E = Time spent auto-exploring this place.
 F = Levels seen in this place.
 G = Mean time per level.
                   A        B        C        D        E       F      G
               +--------+--------+--------+--------+--------+-----+--------+
         Total |   7014 |   6815 |    199 |   2134 |   3850 |   4 | 1753.5 |
       Dungeon |   7014 |   6815 |    199 |   2134 |   3850 |   4 | 1753.5 |
               +--------+--------+--------+--------+--------+-----+--------+

Top non-repeatable levels by time:
     D:1: 2432 daAuts
     D:2: 2139 daAuts
     D:4: 1461 daAuts
     D:3: 980 daAuts
